 Dungeon Crawl Stone Soup version 0.21-a0-372-gd0ff781 (webtiles) character file.

31 ruwin the Slasher (level 3, 0/27 HPs)
             Began as a Demonspawn Gladiator on Oct 17, 2017.
             Slain by a hobgoblin
             ... wielding a +0 club
              (1 damage)
             ... on level 1 of the Dungeon.
             The game lasted 00:01:27 (551 turns).

ruwin the Slasher (Demonspawn Gladiator)             Turns: 551, Time: 00:01:27

Health: 0/27       AC: 11    Str: 14    XL:     3   Next: 7%
Magic:  3/3        EV:  4    Int: 10    God:
Gold:   68         SH:  0    Dex: 16    Spells: 2/2 levels left

rFire    . . .     SeeInvis .   a - +0 long sword
rCold    . . .     Gourm    .   (no shield)
rNeg     . . .     Faith    .   j - +0 plate armour
rPois    .         Spirit   .   c - +0 helmet
rElec    .         Reflect  .   (no cloak)
rCorr    .         Harm     .   (no gloves)
MR       .....                  (no boots)
Stlth    ..........             (no amulet)
HPRegen  0.09/turn              (no ring)
MPRegen  0.08/turn              (no ring)

@: no status effects
A: thin skeletal structure 1, nightstalker 1
a: no special abilities


You were on level 1 of the Dungeon.
You were not hungry.

You visited 1 branch of the dungeon, and saw 1 of its levels.

You collected 68 gold pieces.

Inventory:

Hand Weapons
 a - a +0 long sword (weapon)
 h - a +0 club
Missiles
 d - 3 throwing nets (quivered)
Armour
 b - a +0 leather armour
 c - a +0 helmet (worn)
 j - a +0 plate armour (worn)
Scrolls
 e - a scroll of magic mapping {unknown}
 k - a scroll of fear {unknown}
 m - a scroll of remove curse {unknown}
 n - a scroll of identify {unknown}
Potions
 g - a potion of heal wounds {unknown}
 o - a potion of ambrosia {unknown}
Comestibles
 f - a bread ration
 l - a meat ration


   Skills:
 + Level 2.1 Fighting
 + Level 3.2 Long Blades
 + Level 1.9 Throwing
 + Level 3.2 Dodging


You had 2 spell levels left.
You didn't know any spells.

Dungeon Overview and Level Annotations

Branches:
Dungeon (1/15)

Altars:


Innate Abilities, Weirdness & Mutations

You have a somewhat thin skeletal structure. (Dex +2, Stealth)
You are slightly more attuned to the shadows.


Message History

The rat bites you but does no damage. The hobgoblin completely misses you.
The rat bites you but does no damage. The hobgoblin hits you with a club.
* * * LOW HITPOINT WARNING * * *
The rat bites you but does no damage.
The hobgoblin hits you but does no damage.
The rat bites you but does no damage. The hobgoblin hits you with a club.
* * * LOW HITPOINT WARNING * * *
The rat bites you but does no damage.
The hobgoblin hits you but does no damage.
The rat bites you but does no damage.
The hobgoblin hits you but does no damage.
The rat bites you.
* * * LOW HITPOINT WARNING * * *
The hobgoblin hits you with a club.
* * * LOW HITPOINT WARNING * * *
The rat closely misses you.
The hobgoblin hits you but does no damage.
The rat bites you but does no damage. The rat bites you but does no damage.
The hobgoblin hits you with a club.
You die...

.. #. # #. #.
...# #.#. #. #..#
#.#. #. #..#
#...## #. #[.#
####..†###. #..#
.....#..... #.
#rg# #...####
#.##.@# ##.#####
#.#..#####
#....#. #.......#
#....).
#.#.#.##.#
#..)≈≈≈
#..#..#.#.#
###.≈!≈ ##
###.##.# #.≈≈≈
#.##.##### #....
#.##.#...####..##
#.##.............


You could see a hobgoblin and a rat.

Vanquished Creatures
  An ooze (D:1)
  A dart slug (D:1)
  A leopard gecko (D:1)
  A giant cockroach (D:1)
  4 goblins (D:1)
  5 hobgoblins (D:1)
  2 bats (D:1)
  4 kobolds (D:1)
  5 rats (D:1)
24 creatures vanquished.

Notes
Turn   | Place    | Note
-------+----------+-------------------------------------------
     0 | D:1      | ruwin the Demonspawn Gladiator began the quest for the Orb.
     0 | D:1      | Reached XP level 1. HP: 16/16 MP: 1/1
    64 | D:1      | Gained mutation: You are slightly more attuned to the shadows. [demonic ancestry]
    64 | D:1      | Reached XP level 2. HP: 22/22 MP: 2/2
   332 | D:1      | Gained mutation: You have a somewhat thin skeletal structure. (Dex +2, Stealth) [demonic ancestry]
   332 | D:1      | Reached XP level 3. HP: 27/27 MP: 3/3
   549 | D:1      | HP: 1/27 [hobgoblin/club (3)]
   551 | D:1      | Slain by a hobgoblin

Vault maps used:
D:1:      saegor_arrival_simple_a, corexii_item_surrounded_by_moat

Skill      XL: |  1  2 |
---------------+-------+-----
Dodging        | 3 |  3.2
Long Blades    | 3 |  3.2
Fighting       | |  2.1
Throwing       | |  1.9

Action                   || total
-------------------------++-------
Melee: Long sword        ||    49
 Stab: Sleeping          ||     1
Armor: Leather armour    ||     8
       Plate armour      ||   107
Dodge: Dodged            ||    56
       Rpst.: Long sword ||    21

Table legend:
 A = Spawn XP
 B = Non-spawn XP
 C = Spawn XP percentage of total XP
 D = Spawn monster count
 E = Non-spawn monster count
 F = Spawn count percentage of total count
 G = Total turns spent on level
                    A         B        C        D         E        F      G
               +---------+---------+-------+---------+---------+-------+---------
         Total |       0 |      45 |   0.0 |       0 |      24 |   0.0 |   551
               +---------+---------+-------+---------+---------+-------+---------
           D:1 |       0 |      45 |   0.0 |       0 |      24 |   0.0 |   551
               +---------+---------+-------+---------+---------+-------+---------
